Map: Vallée des cactus EC

Players

aKrasia - Winner!

  • Race: Zerg Zerg

AgCl

  • Race: Protoss Protoss

VOD

Have the link to the VOD?

Description

Time

  • Played on: May 19, 2015, 6:50 p.m.
  • Length: 8:18
Show
View Real Time Build Order
Export as new Build Order

aKrasia Zerg - Winner!

Build Orders: Hatch First 

Get SALT Encoding   

  12  0:02  Drone  
  13  0:13  Overlord  
  13  0:17  Drone  
  14  0:31  Drone x2  
  16  0:37  Drone  
  17  0:46  Drone  
  18  0:57  Hatchery  
  17  1:00  Drone  
  18  1:12  Drone  
  19  1:19  Spawning Pool  
  19  1:20  Drone  
  19  1:32  Drone  
  20  1:45  Hatchery, Drone  
  20  1:51  Drone  
  21  2:01  Overlord  
  21  2:10  Queen  
  21  2:13  Zergling x2  
  24  2:18  Queen  
  26  2:23  Drone x2  
  26  2:26  Drone  
  29  2:43  Drone  
  29  2:44  Drone, Overlord  
  31  2:47  Queen, Extractor  
  31  2:51  Drone  
  33  2:54  Drone  
  33  2:57  Queen  
  36  2:59  Drone  
  36  3:02  Overlord  
  36  3:05  Drone  
  38  3:10  Drone x2  
  40  3:15  Drone  
  40  3:19  Spore Crawler  
  40  3:20  Spore Crawler  
  40  3:21  Spore Crawler  
  38  3:30  Drone x5  
  43  3:35  Extractor  
  42  3:44  Drone x2  
  42  3:45  Drone x4  
  42  3:46  Drone  
  49  3:49  Extractor  
  49  3:51  Extractor  
  47  4:09  Drone x3  
  51  4:10  Drone x6, Overlord  
  51  4:13  Lair  
  51  4:15  Drone  
  57  4:40  Drone x6  
  57  4:41  Overlord x2  
  57  4:45  Drone x3  
  66  4:48  Evolution Chamber  
  66  4:49  Extractor  
  66  4:50  Evolution Chamber  
  66  4:51  Extractor  
  62  5:02  Drone x4  
  62  5:03  Drone x5  
  62  5:04  Metabolic Boost, Drone  
  72  5:15  Zerg Missile Weapons Level 1  
  72  5:16  Zerg Ground Armor Level 1  
  72  5:44  Drone x2, Hydralisk Den  
  72  5:45  Overlord x3  
  73  6:02  Hatchery  
  72  6:06  Overlord  
  72  6:17  Hydralisk x12  
  96  6:22  Muscular Augments  
  96  6:23  Hydralisk x4, Zergling x2  
  105  6:35  Hydralisk x4  
  113  6:49  Zergling x2  
  113  6:50  Overlord x2  
  114  7:05  Overlord  
  114  7:06  Overlord  
  114  7:13  Zergling x2  
  114  7:14  Zergling x14  
  122  7:19  Infestation Pit  
  121  7:26  Hydralisk  
  121  7:27  Hydralisk x8  
  137  7:33  Spore Crawler x3  
  137  7:35  Hydralisk x5  
Show
View Real Time Build Order
Export as new Build Order

AgCl Protoss 

Build Orders: Oracle Opening, Oracle Opening, Carrier Rush 

Get SALT Encoding   

  12  0:22  Pylon  
  12  0:23  Probe  
  14  0:35  Probe  
  14  0:36  Assimilator  
  14  0:47  Probe  
  15  0:59  Probe  
  16  1:11  Gateway  
  16  1:12  Probe (Chrono Boost)  
  16  1:24  Probe (Chrono Boost)  
  17  1:32  Probe (Chrono Boost)  
  18  1:40  Pylon  
  18  1:41  Probe  
  19  1:59  Nexus  
  19  2:03  Cybernetics Core  
  19  2:05  Probe (Chrono Boost)  
  20  2:15  Probe (Chrono Boost), Zealot  
  21  2:22  Probe  
  24  2:32  Assimilator  
  24  2:34  Probe  
  25  2:44  Stargate  
  25  2:47  Mothership Core (Chrono Boost)  
  27  2:59  Warp Gate  
  27  3:02  Probe (Chrono Boost)  
  28  3:15  Probe (Chrono Boost)  
  28  3:18  Probe (Chrono Boost)  
  30  3:25  Probe (Chrono Boost)  
  32  3:28  Probe (Chrono Boost), Oracle (Chrono Boost)  
  32  3:32  Probe (Chrono Boost)  
  36  3:37  Pylon  
  36  3:38  Assimilator  
  37  3:42  Probe (Chrono Boost), Assimilator  
  37  3:44  Probe (Chrono Boost)  
  38  3:52  Probe x2 (Chrono Boost)  
  40  4:01  Probe  
  40  4:02  Probe  
  42  4:11  Fleet Beacon  
  42  4:13  Probe (Chrono Boost)  
  44  4:19  Probe (Chrono Boost)  
  44  4:24  Probe (Chrono Boost)  
  49  4:28  Probe (Chrono Boost)  
  49  4:30  Probe  
  48  4:38  Probe  
  48  4:42  Probe  
  49  4:50  Probe, Nexus  
  50  4:53  Pylon, Carrier (Chrono Boost)  
  50  4:54  Probe  
  51  5:02  Probe  
  52  5:08  Pylon  
  52  5:12  Graviton Catapult  
  58  5:16  Pylon  
  58  5:25  Probe  
  58  5:27  Probe  
  60  5:37  Probe  
  60  5:39  Probe  
  62  5:45  Stargate  
  62  5:47  Forge  
  62  5:53  Probe  
  62  5:55  Probe, Carrier (Chrono Boost)  
  64  6:05  Probe (Chrono Boost)  
  64  6:10  Protoss Ground Weapons Level 1  
  64  6:11  Probe (Chrono Boost)  
  67  6:13  Probe (Chrono Boost)  
  67  6:16  Probe (Chrono Boost)  
  74  6:20  Probe (Chrono Boost), Protoss Air Weapons Level 1 (Chrono Boost), Assimilator  
  74  6:21  Photon Cannon  
  74  6:22  Assimilator  
  74  6:40  Carrier (Chrono Boost)  
  74  6:42  Zealot  
  73  6:51  Probe (Chrono Boost)  
  73  6:52  Probe (Chrono Boost)  
  76  6:56  Gateway  
  76  6:57  Pylon  
  76  6:58  Probe (Chrono Boost)  
  76  7:02  Carrier (Chrono Boost)  
  76  7:04  Probe (Chrono Boost)  
  76  7:05  Probe (Chrono Boost)  
  84  7:08  Photon Cannon  
  84  7:12  Gateway  
  84  7:13  Probe, Pylon  
  85  7:15  Gateway  
  85  7:21  Probe  
  92  7:30  Pylon  
  88  8:04  Probe  
  88  8:05  Probe  
Tags
 
Add a new tag
Caveats
  • Supply blocks, unpowered buildings, or Contaminate may cause inaccurate times.
  • Supply counts are checked every 10 seconds.